 Dungeon Crawl Stone Soup version 0.31-a0-232-gb1c03b2570 (webtiles) character file.

Game seed: 844575761339597064

70 qw the Shooter (level 4, -4/26 HPs)
             Began as a Gargoyle Hexslinger on July 7, 2023.
             Slain by a gnoll
             ... wielding a +0 whip
              (6 damage)
             ... on level 3 of the Dungeon.
             The game lasted 00:00:41 (1962 turns).

qw the Shooter (Gargoyle Hexslinger)                Turns: 1962, Time: 00:00:41

Health: -4/26      AC:  9    Str: 11    XL:     4   Next: 22%
Magic:  0/5        EV: 10    Int: 14    God:
Gold:   67         SH:  0    Dex: 14    Spells: 4/5 levels left

rFire   . . .        Y - +3 sling
rCold   . . .        (no shield)
rNeg    + . .        e - +0 ring mail
rPois   inf          (no helmet)
rElec   +            (no cloak)
rCorr   .            (no gloves)
SInv    .            b - +0 pair of boots
Will    +....        h - amulet of guardian spirit
Stlth   +            i - ring of willpower
HPRegen 0.24/turn    (no ring)
MPRegen 0.09/turn

%: guardian spirit
@: no status effects
A: sickness immunity, AC +3, negative energy resistance 1, electricity
resistance, torment resistance 1, petrification resistance
a: no special abilities


You were on level 3 of the Dungeon.
You visited 1 branch of the dungeon, and saw 3 of its levels.

You collected 67 gold pieces.


Innate Abilities, Weirdness & Mutations

You are immune to sickness and miasma.
Your stone body is resilient. (AC +3)
You are immune to poison.
You resist negative energy. (rN+)
You are resistant to electric shocks. (rElec)
You are resistant to unholy torment.
You are immune to petrification.


   Skills:
 - Level 2.0 Fighting
 + Level 3.7 Ranged Weapons
 - Level 1.4 Armour
 - Level 1.5 Dodging
 - Level 1.0 Spellcasting
 - Level 2.6 Hexes


You had 4 spell levels left.
You knew the following spells:

 Your Spells              Type           Power      Damage    Failure   Level
a - Slow                  Hex            32%        N/A       21%         1

Your spell library contained the following spells:

 Spells                   Type           Power      Damage    Failure   Level
 Inner Flame              Hex/Fire       4%         N/A       71%         3
 Portal Projectile        Hex/Tloc       8%         N/A       71%         3
 Cause Fear               Hex            4%         N/A       90%         4

Inventory:

Hand Weapons
 Y - a +3 sling (weapon)
Armour
 b - a +0 pair of boots (worn)
 e - a +0 ring mail (worn)
Jewellery
 h - an amulet of guardian spirit (around neck)
 i - a ring of willpower (left hand)
 l - a ring of ice
 m - a ring of fire
Potions
 d - a potion of mutation {unknown}
 f - a potion of curing {unknown}
 g - a potion of enlightenment {unknown}
 j - a potion of heal wounds {unknown}

Dungeon Overview and Level Annotations

Branches:
Dungeon (3/15)

Altars:


Message History

The orc barely misses you.
You shoot a sling bullet. The sling bullet hits the orc.
You kill the orc!
You shoot a sling bullet. The sling bullet hits the gnoll.
The gnoll is moderately wounded.
You shoot a sling bullet. The sling bullet hits the gnoll.
The gnoll is heavily wounded.
The gnoll hits you with a +0 whip. The gnoll hits you but does no damage.
The gnoll hits you from afar with a +0 spear!
The gnoll barely misses you.
You shoot a sling bullet. The sling bullet hits the gnoll.
The gnoll is severely wounded.
The gnoll hits you with a +0 whip. The gnoll hits you but does no damage.
The gnoll barely misses you.
You shoot a sling bullet. The sling bullet hits the gnoll.
The gnoll is almost dead.
The gnoll barely misses you.
The gnoll hits you from afar with a +0 spear.
The gnoll barely misses you. The gnoll hits you with a +0 whip.
The gnoll barely misses you. The gnoll hits you but does no damage.
You shoot a sling bullet. The sling bullet hits the gnoll.
You kill the gnoll!
The gnoll hits you from afar with a +0 spear.
The gnoll hits you with a +0 whip.
Your Armour skill increases to level 1!
You shoot a sling bullet.
The sling bullet barely misses the gnoll.
The gnoll hits you with a +0 whip. The gnoll hits you but does no damage.
You shoot a sling bullet.
The sling bullet barely misses the gnoll.
The gnoll hits you but does no damage. The gnoll hits you with a +0 whip.
The gnoll barely misses you.
The gnoll hits you from afar with a +0 spear.
You shoot a sling bullet. The sling bullet hits the gnoll.
The gnoll is moderately wounded.
The gnoll barely misses you. The gnoll closely misses you.
You shoot a sling bullet.
The sling bullet closely misses the gnoll.
The gnoll hits you with a +0 whip.
You die...

....... ....... .......
....... .......
~#######g......
.......)g...... ..#
.......@# ....
........## ###### #...
.........# #....####...
.........# #...........
.........# #...........
.........####...........
........)..........<....
.........####...........
##.......# #....####...


You could see 2 gnolls.

Vanquished Creatures
  A gnoll (D:3)
  2 worms (D:2)
  An orc (D:3)
  4 ball pythons (D:1)
  8 endoplasms
  A giant cockroach (D:3)
  10 goblins
  4 hobgoblins
  3 jackals (D:1)
  2 quokkas (D:1)
  4 bats
  A frilled lizard (D:2)
  2 kobolds (D:1)
  A rat (D:1)
44 creatures vanquished.

Notes
Turn   | Place    | Note
-------+----------+-------------------------------------------
     0 | D:1      | qw the Gargoyle Hexslinger began the quest for the Orb.
     0 | D:1      | Reached XP level 1. HP: 12/12 MP: 2/2
     0 | D:1      | 0 ||| qw: Version: 0.3-a-46-gb1f654a
     0 | D:1      | 0 ||| qw: Game counter: 2754
     0 | D:1      | 0 ||| qw: Melee chars always use a shield: true
     0 | D:1      | 0 ||| qw: God list: Okawaru
     0 | D:1      | 0 ||| qw: Allow faded altars: false
     0 | D:1      | 0 ||| qw: Do Orc after clearing Dungeon:15 true
     0 | D:1      | 0 ||| qw: Do second Lair branch before Depths: true
     0 | D:1      | 0 ||| qw: Lair rune preference: random
     0 | D:1      | 0 ||| qw: Goals: Normal
     0 | D:1      | 0 ||| PLANNING D:1-11
   100 | D:1      | Reached XP level 2. HP: 16/16 MP: 3/3
   322 | D:1      | Reached skill level 3 in Ranged Weapons
   465 | D:1      | Reached XP level 3. HP: 12/21 MP: 4/4
   897 | D:1      | 897 ||| UPGRADING to +0 ring mail.
   907 | D:1      | 907 ||| DROPPING +0 robe.
   908 | D:1      | 908 ||| UPGRADING to amulet of guardian spirit.
   913 | D:1      | 913 ||| UPGRADING to ring of willpower.
   914 | D:1      | 914 ||| DROPPING scroll of poison.
  1883 | D:2      | 1883 ||| UPGRADING to +0 pair of boots.
  1888 | D:2      | 1888 ||| READING 2 scrolls labelled CEASEFEGYK.
  1889 | D:2      | 1889 ||| READING scroll of enchant weapon.
  1889 | D:2      | 1889 ||| ENCHANTING +2 sling.
  1890 | D:2      | 1890 ||| READING scroll labelled DUNWAU ECZALAF.
  1894 | D:2      | 1894 ||| DRINKING 2 silvery potions.
  1895 | D:2      | 1895 ||| DROPPING potion of attraction.
  1951 | D:3      | Reached XP level 4. HP: 26/26 MP: 5/5
  1959 | D:3      | Reached skill level 1 in Armour
  1960 | D:3      | HP: 6/26 [gnoll/+0 whip (2)]
  1960 | D:3      | HP: 2/26 [gnoll/+0 spear (4)]
  1962 | D:3      | Slain by a gnoll

Levels and vault maps discovered:
D:1:      roderic_crop_circles_arrival_small, layout_loops_ring, serial_forest,
          infiniplex_forest_end_2, infiniplex_forest_straight_2,
          infiniplex_forest_fountain, infiniplex_forest_clump_large,
          infiniplex_forest_side_room, infiniplex_forest_zigzag_1
D:2:      kennysheep_the_goblin_king, layout_basic, st_stairs_1
D:3:      layout_basic, kennysheep_slug_shrine, kennysheep_generic_room_13,
          uniq_terence

Skill      XL: |  1  2  3  4 |
---------------+-------------+-----
Ranged Weapons | 3 |  3.7
Fighting       | 2 |  2.0
Armour         | 1 |  1.4
Dodging        | |  1.5
Spellcasting   | |  1.0
Hexes          | |  2.6

Action                     |  1- 3 |  4- 6 || total
---------------------------+-------+-------++-------
   Fire: Sling             |   144 |    12 ||   156
    Use: Scroll            |     3 |       ||     3
         Potion            |     1 |       ||     1
 Armour: Robe              |    12 |       ||    12
         Ring mail         |    44 |     5 ||    49
  Dodge: Dodged            |    56 |     9 ||    65

Table legend:
 A = Non-vault XP
 B = Vault XP
 C = Vault XP percentage of total XP
 D = Non-vault monster count
 E = Vault monster count
 F = Vault count percentage of total count
                 A         B        C        D         E       F
            +---------+---------+-------+---------+---------+-------
      Total |      84 |      17 |  16.8 |      35 |       9 |  20.5
            +---------+---------+-------+---------+---------+-------
        D:1 |      40 |       0 |   0.0 |      22 |       0 |   0.0
        D:2 |      18 |      17 |  48.6 |       7 |       9 |  56.2
        D:3 |      26 |       0 |   0.0 |       6 |       0 |   0.0
            +---------+---------+-------+---------+---------+-------
